 Dungeon Crawl Stone Soup version 0.26-a0-43-g20b394c (webtiles) character file.

Game seed: 14700810097948267837

3412 Faca the Fighter (level 9, -11/89 HPs)
             Began as a Black Draconian Fighter on June 3, 2020.
             Was an Initiate of Okawaru.
             Mangled by a hornet (15 damage)
             ... on level 7 of the Dungeon.
             The game lasted 00:12:09 (7708 turns).

Faca the Fighter (Black Draconian Fighter)          Turns: 7708, Time: 00:12:10

Health: -11/89     AC: 10    Str: 22    XL:     9   Next: 76%
Magic:  9/9        EV:  8    Int:  9    God:    Okawaru [......]
Gold:   209        SH: 15    Dex: 10    Spells: 8/8 levels left

rFire    . . .     SeeInvis .   a - +1 long sword
rCold    . . .     Gourm    .   l - +1 tower shield
rNeg     . . .     Faith    .   (armour unavailable)
rPois    .         Spirit   .   (helmet restricted)
rElec    +         Reflect  .   n - +0 cloak
rCorr    .         Harm     .   w - +1 pair of gloves
MR       .....                  (no boots)
Stlth    ++........             (no amulet)
HPRegen  0.24/turn              f - ring of stealth
MPRegen  0.11/turn              (no ring)

@: lethally poisoned (-11 -> -36), short of breath, slowed, very slow
A: breathe lightning, unfitting armour, electricity resistance, cold-blooded, AC
+7
a: Breathe Lightning, Renounce Religion


You were on level 7 of the Dungeon.
You worshipped Okawaru.
Okawaru was noncommittal.
You were hungry.

You visited 2 branches of the dungeon, and saw 8 of its levels.

You collected 291 gold pieces.
You spent 82 gold pieces at shops.

Inventory:

Hand Weapons
 a - a +1 long sword (weapon)
Missiles
 k - 3 javelins
 u - 10 boomerangs (quivered)
Armour
 l - a +1 tower shield (worn)
 n - a +0 cloak (worn)
 w - a +1 pair of gloves (worn)
Jewellery
 f - a ring of stealth (left hand)
Scrolls
 j - 3 scrolls of teleportation
 o - 5 scrolls of identify
 p - 4 scrolls of magic mapping
 q - 2 scrolls of remove curse
 r - a scroll of enchant armour
 s - a scroll of blinking
Potions
 b - a potion of berserk rage
 c - 2 potions of might
 e - 3 potions of cancellation
 g - 3 potions of curing
 h - a potion of lignification
 i - a potion of stabbing
 v - a potion of ambrosia
 x - a potion of mutation {unknown}
Comestibles
 d - 20 rations


   Skills:
 + Level 11.1 Fighting
 + Level 10.0 Long Blades
 - Level 2.6 Dodging
 - Level 3.0 Shields


You had 8 spell levels left.
You didn't know any spells.
Your spell library contained the following spells:

 Spells                   Type           Power        Failure   Level  Hunger
 Confusing Touch          Hex            #.......     100%        3    ####...
 Gell's Gravitas          Tloc           #.........   100%        3    ####...
 Petrify                  Tmut/Erth      #.......     100%        4    #####..
 Metabolic Englaciation   Hex/Ice        #.........   100%        5    ######.
 Yara's Violent Unravell  Hex/Tmut       #.........   100%        5    ######.


Dungeon Overview and Level Annotations

Branches:
Dungeon (7/15)             Temple (1/1) D:4

Altars:
Ashenzari
Cheibriados
Dithmenos
Elyvilon
Fedhas
Gozag
Hepliaklqana
Kikubaaqudgha
Makhleb
Nemelex Xobeh
Okawaru
Qazlal
Ru
Sif Muna
Trog
Uskayaw
Vehumet
Wu Jian
Xom
Yredelemnul
Zin
The Shining One

Shops:
D:4 *


Innate Abilities, Weirdness & Mutations

You can breathe wild blasts of lightning.
Your glossy black scales are hard. (AC +7)
You cannot fit into any form of body armour.
You are resistant to electric shocks. (rElec)
You are cold-blooded and may be slowed by cold attacks.


Message History

You block the hornet's attack. The adder bites you.
* * * LOW HITPOINT WARNING * * *
The hornet stings you!
* * * LOW HITPOINT WARNING * * *
You are more poisoned.
You feel as though you will be slow longer.
The adder barely misses you.
You riposte.
You miss the adder. The crimson imp barely misses you.
You riposte.
You hit the crimson imp.
The crimson imp is lightly wounded.
You closely miss the hornet. You tail-slap the hornet.
The hornet is severely wounded.
* * * LOW HITPOINT WARNING * * *
You feel very sick. You block the hornet's attack.
The adder closely misses you. You block the crimson imp's attack.
The hornet stings you!
* * * LOW HITPOINT WARNING * * *
You feel as though you will be slow longer.
The adder bites you but does no damage. You block the crimson imp's attack.
The hornet stings you!
You die...

.###.....###.#.....# #
.....###.....##.#.....###
#.....###.....#..........
##.....###....#.......###
###.....###...'.#.....#
.####'######..#.###..## #
..#.=...#.###.#.####.# #
..#..$.y#..####..###.####
..'.(.%5@...###(.........
..#..%.S#....##.####.###.
#.#.....#.....#.# #.##..
#####'####....#.# #.##..
###.....###...).# #.##.#
.###.....###..#.# #.##.#
..###.....###.#.# #.##.#
...###.....####... .....
..###.....###..#######


You could see a hornet, a crimson imp and an adder.

Vanquished Creatures
  Pikel (D:4)
  A yak (D:7)
  Eustachio (D:6)
  A human (D:7)
  3 hogs (D:7)
  Edmund (D:6)
  2 ice beasts (D:5)
  2 ogres
  3 centaurs
  Blork the orc (D:4)
  2 bullfrogs (D:7)
  A scorpion (D:7)
  4 howler monkeys
  2 crimson imps (D:5)
  A bullfrog zombie (D:5)
  A centaur zombie (D:7)
  4 orc priests
  Crazy Yiuf (D:6)
  A hound (D:5)
  10 orc wizards
  4 iguanas
  4 worker ants
  A hound zombie (D:5)
  A hound skeleton (D:4)
  A howler monkey zombie (D:6)
  A worker ant zombie (D:6)
  5 adders
  A gnoll (D:1)
  An ooze (D:1)
  2 adder skeletons
  2 worms
  4 dart slugs
  3 leopard geckos
  27 orcs
  A bat skeleton (D:2)
  3 giant cockroaches
  8 goblins
  9 hobgoblins
  3 jackals (D:2)
  4 kobolds
  6 quokkas
  A ball python (D:3)
  A ball python skeleton (D:6)
  5 bats
  2 frilled lizards
  A leopard gecko skeleton (D:2)
  A quokka skeleton (D:5)
  2 quokka zombies (D:2)
  6 rats
153 creatures vanquished.

Vanquished Creatures (others)
  An adder skeleton (D:4)
1 creature vanquished.

Grand Total: 154 creatures vanquished

Notes
Turn   | Place    | Note
-------+----------+-------------------------------------------
     0 | D:1      | Faca the Draconian Fighter began the quest for the Orb.
     0 | D:1      | Reached XP level 1. HP: 19/19 MP: 1/1
   282 | D:1      | Reached XP level 2. HP: 27/27 MP: 2/2
   745 | D:1      | Reached skill level 4 in Fighting
   745 | D:1      | Reached XP level 3. HP: 21/33 MP: 3/3
  1414 | D:2      | Found a sacrificial altar of Ru.
  1590 | D:2      | Reached XP level 4. HP: 41/41 MP: 4/4
  2093 | D:3      | Reached skill level 5 in Fighting
  2108 | D:3      | Reached XP level 5. HP: 19/48 MP: 5/5
  3062 | D:4      | Reached XP level 6. HP: 51/57 MP: 6/6
  3164 | D:4      | Found a staircase to the Ecumenical Temple.
  3173 | Temple   | Entered the Ecumenical Temple
  3302 | D:4      | Found a shimmering altar of Xom.
  3425 | D:4      | Noticed a slave
  3425 | D:4      | Noticed a slave
  3426 | D:4      | Noticed a slave
  3426 | D:4      | Noticed Pikel
  3427 | D:4      | Noticed a slave
  3472 | D:4      | Killed Pikel
  3472 | D:4      | Reached skill level 7 in Fighting
  3472 | D:4      | Your scales start taking on a glossy black colour.
  3472 | D:4      | Reached XP level 7. HP: 42/66 MP: 7/7
  3472 | D:4      | Gained mutation: You are resistant to electric shocks.
                  | (rElec) [Black Draconian growth]
  3599 | D:4      | Noticed Blork the orc
  3620 | D:4      | Killed Blork the orc
  3875 | D:4      | Found Gicibre's General Store.
  3924 | D:4      | Bought a scroll of blinking for 82 gold pieces
  4157 | D:4      | Found a shattered altar of Ashenzari.
  4315 | D:5      | Entered Level 5 of the Dungeon
  4334 | D:5      | Reached XP level 8. HP: 51/74 MP: 8/8
  4492 | D:4      | Reached skill level 8 in Fighting
  5319 | D:5      | Reached skill level 9 in Fighting
  6087 | D:6      | Found a runed translucent door.
  6088 | D:6      | Noticed Crazy Yiuf
  6096 | D:6      | Killed Crazy Yiuf
  6166 | D:6      | Noticed Eustachio
  6193 | D:6      | Killed Eustachio
  6542 | D:6      | Noticed Edmund
  6569 | D:6      | Killed Edmund
  6569 | D:6      | Reached XP level 9. HP: 13/85 MP: 9/9
  6974 | D:7      | Reached skill level 10 in Fighting
  7158 | D:7      | Found a glowing silver altar of Zin.
  7394 | D:7      | Found a snail-covered altar of Cheibriados.
  7394 | D:7      | Found a blossoming altar of Fedhas.
  7401 | D:7      | Found a hazy altar of Hepliaklqana.
  7401 | D:7      | Found a glowing golden altar of the Shining One.
  7404 | D:7      | Found an iron altar of Okawaru.
  7409 | D:7      | Reached skill level 11 in Fighting
  7442 | D:7      | Became a worshipper of Warmaster Okawaru
  7662 | D:7      | Reached skill level 10 in Long Blades
  7708 | D:7      | HP: 4/89 [hornet (9)]
  7708 | D:7      | Mangled by a hornet

Illustrated notes

Levels and vault maps discovered:
D:1:      lightli_iron_boxes, layout_basic
D:2:      layout_basic, nicolae_ru_sacrificial_ziggurat, serial_undead,
          serial_undead_c, serial_undead_b, serial_undead_a, serial_undead_f,
          minmay_misc_feat_four_crosses, minmay_tetromino_s2
D:3:      layout_loops_cross
D:4:      layout_cave_pods, chequers_temple_overflow_statue_of_worship,
          minmay_temple_entry_antechambers, serial_shops, nicolae_shop_crystal,
          uniq_blork_the_orc, uniq_pikel
D:5:      layout_basic, first_ration
D:6:      layout_loops_ring, hangedman_decor_opposing, uniq_crazy_yiuf_cottage,
          uniq_edmund, uniq_eustachio
D:7:      layout_loops_ring, grunt_temple_overflow_open, basic_altar,
          chequers_serial_rivers_small_b, grunt_livestock, minmay_quadrilaterals
Temple:   eino_temple_lava

Skill      XL: |  1  2  3  4  5  6  7  8  9 |
---------------+----------------------------+-----
Fighting       | 4 5 7 9 11 | 11.1
Long Blades    | 3 4 6 8 10 | 10.0
Dodging        | |  2.6
Shields        | |  3.0

Action                   |  1- 3 |  4- 6 |  7- 9 || total
-------------------------+-------+-------+-------++-------
Melee: Long sword        |    84 |   172 |   367 ||   623
       Tailslap          |     9 |    21 |    54 ||    84
 Abil: Breathe Lightning |       |       |     7 ||     7
  Use: Potion            |     1 |     1 |     3 ||     5
       Scroll            |     4 |     6 |     8 ||    18
 Stab: Sleeping          |     2 |     3 |     4 ||     9
  Eat: Chunk             |     2 |     6 |    12 ||    20
       Ration            |       |       |     1 ||     1
Armor: Skin              |    14 |    42 |   123 ||   179
Dodge: Dodged            |    29 |    48 |    78 ||   155
Block: Kite shield       |    39 |     6 |       ||    45
       Tower shield      |       |   112 |   263 ||   375
       Rpst.: Long sword |     7 |    16 |    25 ||    48

Table legend:
 A = Non-vault XP
 B = Vault XP
 C = Vault XP percentage of total XP
 D = Non-vault monster count
 E = Vault monster count
 F = Vault count percentage of total count
                 A         B        C        D         E       F
            +---------+---------+-------+---------+---------+-------
      Total |    2647 |    2228 |  45.7 |     137 |      17 |  11.0
            +---------+---------+-------+---------+---------+-------
        D:1 |      43 |       0 |   0.0 |      14 |       0 |   0.0
        D:2 |      57 |      12 |  17.4 |      15 |       6 |  28.6
        D:3 |     244 |       0 |   0.0 |      37 |       0 |   0.0
        D:4 |     357 |     729 |  67.1 |      17 |       2 |  10.5
        D:5 |     968 |       0 |   0.0 |      22 |       0 |   0.0
        D:6 |     129 |     405 |  75.8 |       6 |       3 |  33.3
        D:7 |     849 |    1082 |  56.0 |      26 |       6 |  18.8
            +---------+---------+-------+---------+---------+-------
